TOP OF THE 1ST |
---|
Portland Cards batting - Pitching for St. Louis Browns : LHP Bernardo Miranda | Pitching: LHP Bernardo Miranda | | Batting: RHB Dani Vázquez | 0-0: Ground out 6-3 (Groundball, 6MD) | Batting: RHB António Zúńiga | 0-0: Called Strike 0-1: Ball 1-1: SINGLE (Line Drive, 78S) | Batting: LHB Jeff Daniels | 0-0: Called Strike 0-1: Ball 1-1: Ball 2-1: DOUBLE (Line Drive, 78D) António Zúńiga to third | Pinch Runner at 2nd Gabriel Miranda: | | Batting: LHB Troy Donaldson | 0-0: Ball 1-0: Called Strike 1-1: Called Strike 1-2: Strikes out swinging | Batting: RHB Eugene Gill | 0-0: Ball 1-0: Foul Ball, location: 2F 1-1: Ball 2-1: Ball 3-1: Swinging Strike 3-2: Strikes out swinging | Top of the 1st over - 0 runs, 2 hits, 0 errors, 2 left on base; Portland 0 - St. Louis 0 | BOTTOM OF THE 1ST |
---|
St. Louis Browns batting - Pitching for Portland Cards : RHP Won-min Im | Pitching: RHP Won-min Im | | Now at 1B: Gabriel Miranda | | Batting: RHB Anthony Rucker | 0-0: Called Strike 0-1: Foul Ball, location: 2F 0-2: Strikes out swinging | Batting: RHB Carlos Alfaro | 0-0: Ball 1-0: Ball 2-0: Ball 3-0: Called Strike 3-1: DOUBLE (Flyball, 7LD) | Pinch Runner at 2nd Octávio Marín: | | Batting: LHB Junior Coates | 0-0: Ground out 3-1 (Groundball, 34) Octávio Marín to third | Batting: LHB Marvin Morris | 0-0: Ball 1-0: Ball 2-0: Ball 3-0: Base on Balls | Batting: RHB Javier Martínez | 0-0: Called Strike 0-1: Foul Ball, location: 2F 0-2: Ball 1-2: SINGLE (Groundball, 56D) Octávio Marín scores Marvin Morris to second | Batting: RHB Jeff Jones | 0-0: Called Strike 0-1: Ball 1-1: Swinging Strike 1-2: Foul Ball, location: 2F 1-2: Strikes out swinging | Bottom of the 1st over - 1 run, 2 hits, 0 errors, 2 left on base; Portland 0 - St. Louis 1 | TOP OF THE 2ND |
---|
Portland Cards batting - Pitching for St. Louis Browns : LHP Bernardo Miranda | Now at SS: Octávio Marín | | Batting: RHB Mario Méndez | 0-0: Ball 1-0: Ball 2-0: Ball 3-0: Called Strike 3-1: Base on Balls | Batting: LHB Chance Santry | 0-0: Ball 1-0: Ball 2-0: Called Strike 2-1: Fly out, F6 (Popup, 4MD) | Batting: RHB Robert Bly | 0-0: Ball 1-0: Called Strike 1-1: Called Strike 1-2: Ball 2-2: Grounds into double play, 6-4-3 (Groundball, 6) | Top of the 2nd over - 0 runs, 0 hits, 0 errors, 0 left on base; Portland 0 - St. Louis 1 | BOTTOM OF THE 2ND |
---|
St. Louis Browns batting - Pitching for Portland Cards : RHP Won-min Im | Batting: LHB Dave Watson | 0-0: Called Strike 0-1: Ball 1-1: Called Strike 1-2: Ball 2-2: Ground out 4-3 (Groundball, 4S) | Batting: RHB António Venecia | 0-0: Ball 1-0: Foul Ball, location: 2F 1-1: Ball 2-1: Foul Ball, location: 2F 2-2: Strikes out swinging | Batting: RHB Manuel Alonso | 0-0: Swinging Strike 0-1: Called Strike 0-2: Ball 1-2: Fly out, F8 (Flyball, 8LM) | Bottom of the 2nd over - 0 runs, 0 hits, 0 errors, 0 left on base; Portland 0 - St. Louis 1 | TOP OF THE 3RD |
---|
Portland Cards batting - Pitching for St. Louis Browns : LHP Bernardo Miranda | Batting: RHB Willie Houk | 0-0: SINGLE (Flyball, 9LM) | Batting: RHB Dani Vázquez | 0-0: DOUBLE (Line Drive, 8LXD) Willie Houk to third | Batting: RHB António Zúńiga | 0-0: Ball 1-0: Ball 2-0: Fly out, F8 (Flyball, 8RM) | Batting: RHB Gabriel Miranda | 0-0: Ball 1-0: Foul Ball, location: 2F 1-1: Foul Ball, location: 2F 1-2: Ball 2-2: Fly out, F9 (Flyball, 89D) Runner from 3rd tags up, SCORES, no throw | Batting: LHB Troy Donaldson | 0-0: Swinging Strike 0-1: Swinging Strike 0-2: Ball 1-2: Ball 2-2: Ball 3-2: Strikes out looking | Top of the 3rd over - 1 run, 2 hits, 0 errors, 1 left on base; Portland 1 - St. Louis 1 | BOTTOM OF THE 3RD |
---|
St. Louis Browns batting - Pitching for Portland Cards : RHP Won-min Im | Batting: RHB Anthony Rucker | 0-0: Swinging Strike 0-1: Swinging Strike 0-2: Ball 1-2: SINGLE (Groundball, 56D) | Batting: RHB Octávio Marín | 0-0: Ball 1-0: Called Strike 1-1: Ball 2-1: Fielders Choice at 2nd, 6-4 (Groundball, 56) | Batting: LHB Junior Coates | 0-0: Swinging Strike 0-1: Foul Ball, location: 2F 0-2: Ball 1-2: Foul Ball, location: 2F 1-2: Ball 2-2: Foul Ball, location: 2F 2-2: Strikes out swinging | Batting: LHB Marvin Morris | 0-0: Ball | |
---|
| | 1-0: Ground out 1-3 (Groundball, 13S) | Bottom of the 3rd over - 0 runs, 1 hit, 0 errors, 1 left on base; Portland 1 - St. Louis 1 | TOP OF THE 4TH |
---|
Portland Cards batting - Pitching for St. Louis Browns : LHP Bernardo Miranda | Batting: RHB Eugene Gill | 0-0: Ground out 5-3 (Groundball, 5S) | Batting: RHB Mario Méndez | 0-0: Ball 1-0: Reached on error, E5 (Groundball, 56) | Batting: LHB Chance Santry | 0-0: Ball 1-0: Ball 2-0: Fielders Choice at 2nd, 3-6 (Groundball, 34) | Batting: RHB Robert Bly | 0-0: Ball 1-0: Reached on error, E5 (Groundball, 56S) Chance Santry to third | Batting: RHB Willie Houk | 0-0: Ground out 4-3 (Groundball, 4MS) | Top of the 4th over - 0 runs, 0 hits, 2 errors, 2 left on base; Portland 1 - St. Louis 1 | BOTTOM OF THE 4TH |
---|
St. Louis Browns batting - Pitching for Portland Cards : RHP Won-min Im | Batting: RHB Javier Martínez | 0-0: Called Strike 0-1: Foul Ball, location: 2F 0-2: Ball 1-2: Foul Ball, location: 2F 1-2: Foul Ball, location: 2F 1-2: Strikes out looking | Batting: RHB Jeff Jones | 0-0: Called Strike 0-1: Swinging Strike 0-2: Ball 1-2: Strikes out swinging | Batting: LHB Dave Watson | 0-0: Fly out, F9 (Flyball, 9S) | Bottom of the 4th over - 0 runs, 0 hits, 0 errors, 0 left on base; Portland 1 - St. Louis 1 | TOP OF THE 5TH |
---|
Portland Cards batting - Pitching for St. Louis Browns : LHP Bernardo Miranda | Batting: RHB Dani Vázquez | 0-0: Foul Ball, location: 2F 0-1: Swinging Strike 0-2: Ball 1-2: Ball 2-2: Ball 3-2: Ground out 1-3 (Groundball, 13) | Batting: RHB António Zúńiga | 0-0: Ball 1-0: Ground out 4-3 (Groundball, 34) | Batting: RHB Gabriel Miranda | 0-0: Ball 1-0: Ball 2-0: Foul Ball, location: 2F 2-1: Called Strike 2-2: Ball 3-2: Ground out 5-3 (Groundball, 56S) | Top of the 5th over - 0 runs, 0 hits, 0 errors, 0 left on base; Portland 1 - St. Louis 1 | BOTTOM OF THE 5TH |
---|
St. Louis Browns batting - Pitching for Portland Cards : RHP Won-min Im | Batting: RHB António Venecia | 0-0: Called Strike 0-1: Ball 1-1: Ball 2-1: SINGLE (Groundball, 3D) | Batting: RHB Manuel Alonso | 0-0: Ball 1-0: Ball 2-0: Called Strike 2-1: Ball 3-1: Swinging Strike 3-2: Strikes out swinging | Batting: RHB Anthony Rucker | 0-0: Foul Ball, location: 2F 0-1: Foul Ball, location: 2F 0-2: Ball 1-2: Foul Ball, location: 2F 1-2: Fly out, F4 (Line Drive, 4) | Batting: RHB Octávio Marín | 0-0: Foul Ball, location: 2F 0-1: Ball 1-1: Foul Ball, location: 2F 1-2: Ball 2-2: Strikes out swinging | Bottom of the 5th over - 0 runs, 1 hit, 0 errors, 1 left on base; Portland 1 - St. Louis 1 | TOP OF THE 6TH |
---|
Portland Cards batting - Pitching for St. Louis Browns : LHP Bernardo Miranda | Batting: LHB Troy Donaldson | 0-0: Ball 1-0: Called Strike 1-1: Ball 2-1: Ground out 4-3 (Groundball, 4) | Batting: RHB Eugene Gill | 0-0: Foul Ball, location: 2F 0-1: Ball 1-1: Foul Ball, location: 2F 1-2: SINGLE (Line Drive, 34D) | Batting: RHB Mario Méndez | 0-0: Called Strike 0-1: Foul Ball, location: 2F 0-2: Ball 1-2: Fly out, F9 (Flyball, 9) | Batting: LHB Chance Santry | 0-0: Called Strike 0-1: Ball 1-1: Called Strike 1-2: Ball 2-2: Fly out, F4 (Line Drive, 34) | Top of the 6th over - 0 runs, 1 hit, 0 errors, 1 left on base; Portland 1 - St. Louis 1 | BOTTOM OF THE 6TH |
---|
St. Louis Browns batting - Pitching for Portland Cards : RHP Won-min Im | Batting: LHB Junior Coates | 0-0: Ball 1-0: Foul Ball, location: 2F 1-1: Ball 2-1: SOLO HOME RUN (Flyball, 7LD), Distance : 342 ft | Batting: LHB Marvin Morris | 0-0: Called Strike 0-1: Ball 1-1: Ball 2-1: Ground out U3 (Groundball, 34) | Batting: RHB Javier Martínez | 0-0: SINGLE (Groundball, 6D) | Batting: RHB Jeff Jones | 0-0: Ball 1-0: Ball 2-0: Called Strike 2-1: Ball 3-1: Called Strike 3-2: Foul Ball, location: 2F 3-2: Strikes out looking Javier Martínez steals 2nd base Batter strikes out. | Batting: LHB Dave Watson | 0-0: Called Strike 0-1: Ball 1-1: Ground out 3-1 (Groundball, 34) | Bottom of the 6th over - 1 run, 2 hits, 0 errors, 1 left on base; Portland 1 - St. Louis 2 | TOP OF THE 7TH |
---|
Portland Cards batting - Pitching for St. Louis Browns : LHP Bernardo Miranda | Batting: RHB Robert Bly | 0-0: Ball 1-0: Ball 2-0: Foul Ball, location: 2F 2-1: Ground out 4-3 (Groundball, 4MD) | Batting: RHB Willie Houk | 0-0: Called Strike 0-1: Ball 1-1: Fly out, F7 (Flyball, 7S) | Batting: RHB Dani Vázquez | 0-0: Ball 1-0: Ball 2-0: Foul Ball, location: 2F 2-1: Ball 3-1: Foul Ball, location: 2F 3-2: Ground out 1-3 (Groundball, 13S) | Top of the 7th over - 0 runs, 0 hits, 0 errors, 0 left on base; Portland 1 - St. Louis 2 | BOTTOM OF THE 7TH |
---|
St. Louis Browns batting - Pitching for Portland Cards : RHP Won-min Im | Pitching: LHP José Garza | | Batting: RHB António Venecia | 0-0: Ball 1-0: Called Strike 1-1: Swinging Strike 1-2: Foul Ball, location: 2F 1-2: SOLO HOME RUN (Flyball, 7D), Distance : 362 ft | Batting: RHB Manuel Alonso | 0-0: Called Strike 0-1: Ball 1-1: SINGLE (Flyball, 34D) | Batting: RHB Anthony Rucker | 0-0: Bunted foul 0-1: Sac Bunt - play at first, batter OUT! U3 Manuel Alonso to second | Batting: RHB Octávio Marín | 0-0: Ball 1-0: Ball 2-0: Called Strike 2-1: Ball 3-1: Base on Balls | Pinch Hitting: LHB Mike Hill | 0-0: Ball 1-0: Fly out, F7 (Flyball, 78D) | Pinch Hitting: RHB Adrian Prouse | 0-0: Ball 1-0: SINGLE (Line Drive, 78S) Manuel Alonso to third Octávio Marín to second Runner from 3rd tries for Home, SAFE, throw made home | Pitching: LHP Eduardo Trujillo | | Batting: RHB Javier Martínez | 0-0: Ball 1-0: Foul Ball, location: 2F 1-1: Fly out, F8 (Flyball, 8RD) | Bottom of the 7th over - 2 runs, 3 hits, 0 errors, 2 left on base; Portland 1 - St. Louis 4 | TOP OF THE 8TH |
---|
Portland Cards batting - Pitching for St. Louis Browns : LHP Bernardo Miranda | Pitching: RHP Alex Stanford | | Now at 3B: José Flores | | Now in LF: Mike Hill | | Batting: RHB António Zúńiga | 0-0: Ball 1-0: Ball 2-0: Ball 3-0: SINGLE (Groundball, 6MS) (infield hit) | Batting: RHB Gabriel Miranda | 0-0: Fly out, F7 (Flyball, 7LM) | Batting: LHB Troy Donaldson | 0-0: Ball 1-0: Fielders Choice at 2nd, 4-6 (Groundball, 4MD) | Batting: RHB Eugene Gill | 0-0: Foul Ball, location: 2F 0-1: Fly out, F8 (Flyball, 78XD) | Top of the 8th over - 0 runs, 1 hit, 0 errors, 1 left on base; Portland 1 - St. Louis 4 | BOTTOM OF THE 8TH |
---|
St. Louis Browns batting - Pitching for Portland Cards : LHP Eduardo Trujillo | Batting: RHB Jeff Jones | 0-0: Ball 1-0: Ball 2-0: Swinging Strike 2-1: Ground out 6-3 (Groundball, 6) | Batting: LHB Dave Watson | 0-0: Called Strike 0-1: Fly out, F8 (Flyball, 8LXD) | Batting: RHB António Venecia | 0-0: Called Strike 0-1: SINGLE (Flyball, 78M) | Batting: RHB Manuel Alonso | 0-0: Fielders Choice at 2nd, U6 (Groundball, 6M) | Bottom of the 8th over - 0 runs, 1 hit, 0 errors, 1 left on base; Portland 1 - St. Louis 4 | TOP OF THE 9TH |
---|
Portland Cards batting - Pitching for St. Louis Browns : RHP Alex Stanford | Pitching: RHP Cristóbal Gómez | | Batting: RHB Mario Méndez | 0-0: Ball 1-0: Ball 2-0: Ball 3-0: Base on Balls | Batting: LHB Chance Santry | 0-0: Foul Ball, location: 2F 0-1: Swinging Strike 0-2: DOUBLE (Line Drive, 78D) Mario Méndez to third | Pinch Runner at 2nd Peter Hensley: | | Batting: RHB Robert Bly | 0-0: Ball 1-0: Ball 2-0: Foul Ball, location: 2F 2-1: Ball 3-1: DOUBLE (Line Drive, 7LD) Mario Méndez scores Peter Hensley scores | Batting: RHB Willie Houk | 0-0: Foul Ball, location: 2F 0-1: Ball 1-1: Called Strike 1-2: Ground out 5-3 (Groundball, 5) | Batting: RHB Dani Vázquez | 0-0: Ball 1-0: TRIPLE (Line Drive, 89XD) Robert Bly scores | Batting: RHB António Zúńiga | 0-0: Intentional Walk | Pinch Hitting: RHB Aaron Scott | 0-0: Foul Ball, location: 2F 0-1: Foul Ball, location: 2F 0-2: Ball 1-2: Foul Ball, location: 2F 1-2: Foul Ball, location: 2F 1-2: Ball 2-2: Reached on error, E6 (Groundball, 6) Dani Vázquez scores António Zúńiga to second | Batting: LHB Troy Donaldson | 0-0: Ball António Zúńiga is caught stealing 3rd base Aaron Scott to second 1-0: Swinging Strike 1-1: Ground out 4-3 (Groundball, 4) | Top of the 9th over - 4 runs, 3 hits, 1 error, 1 left on base; Portland 5 - St. Louis 4 | BOTTOM OF THE 9TH |
---|
St. Louis Browns batting - Pitching for Portland Cards : LHP Eduardo Trujillo | Pitching: LHP Valentín Reséndez | | Now at 1B: Aaron Scott | | Now in RF: Peter Hensley | | Batting: RHB Anthony Rucker | 0-0: Called Strike 0-1: Foul Ball, location: 2F 0-2: Ball 1-2: Fly out, F3 (Popup, 3) | Batting: RHB Octávio Marín | 0-0: Called Strike 0-1: Foul Ball, location: 2F 0-2: SINGLE (Groundball, 3D) | Batting: LHB Mike Hill | 0-0: Called Strike 0-1: Called Strike 0-2: Ball 1-2: Ball 2-2: Fly out, F2 (Popup, 25F) | Batting: RHB José Flores | 0-0: Foul Ball, location: 2F 0-1: SINGLE (Groundball, 6D) Octávio Marín to second Runner from 2nd tries for 3rd, SAFE, no throw | Batting: RHB Javier Martínez | 0-0: Ball 1-0: SINGLE (Groundball, 6MD) Octávio Marín scores José Flores to second Runner from 2nd tries for 3rd, SAFE, no throw | Batting: RHB Jeff Jones | 0-0: Called Strike 0-1: Ball 1-1: Foul Ball, location: 2F 1-2: Foul Ball, location: 2F 1-2: Strikes out looking | Bottom of the 9th over - 1 run, 3 hits, 0 errors, 2 left on base; Portland 5 - St. Louis 5 | TOP OF THE 10TH |
---|
Portland Cards batting - Pitching for St. Louis Browns : RHP Cristóbal Gómez | Pitching: RHP Martín Ortíz | | Batting: RHB Eugene Gill | 0-0: Ground out U3 (Groundball, 3S) | Batting: RHB Mario Méndez | 0-0: Fly out, F7 (Flyball, 7) | Batting: RHB Peter Hensley | 0-0: Ball 1-0: Called Strike 1-1: Called Strike 1-2: Foul Ball, location: 2F 1-2: SINGLE (Line Drive, 9S) | Batting: RHB Robert Bly | 0-0: Fielders Choice at 2nd, 5-4 (Groundball, 56) | Top of the 10th over - 0 runs, 1 hit, 0 errors, 1 left on base; Portland 5 - St. Louis 5 | BOTTOM OF THE 10TH |
---|
St. Louis Browns batting - Pitching for Portland Cards : LHP Valentín Reséndez | Pitching: RHP Butch Ramey | | Batting: LHB Dave Watson | 0-0: Swinging Strike 0-1: Ball 1-1: Ball 2-1: Fly out, F8 (Flyball, 8LXD) | Batting: RHB António Venecia | 0-0: Called Strike 0-1: Swinging Strike 0-2: Foul Ball, location: 2F 0-2: Ball 1-2: Strikes out swinging | Batting: RHB Manuel Alonso | 0-0: Foul Ball, location: 2F 0-1: Foul Ball, location: 2F 0-2: Ball 1-2: Strikes out swinging | Bottom of the 10th over - 0 runs, 0 hits, 0 errors, 0 left on base; Portland 5 - St. Louis 5 | TOP OF THE 11TH |
---|
Portland Cards batting - Pitching for St. Louis Browns : RHP Martín Ortíz | Pinch Hitting: RHB Jared Thompson | 0-0: Swinging Strike 0-1: Foul Ball, location: 2F 0-2: Ball 1-2: Strikes out swinging | Batting: RHB Dani Vázquez | 0-0: Fly out, F8 (Flyball, 89D) | Batting: RHB António Zúńiga | 0-0: Fly out, F8 (Flyball, 8LD) | Top of the 11th over - 0 runs, 0 hits, 0 errors, 0 left on base; Portland 5 - St. Louis 5 | BOTTOM OF THE 11TH |
---|
St. Louis Browns batting - Pitching for Portland Cards : RHP Butch Ramey | Now at 2B: Jared Thompson | | Batting: RHB Anthony Rucker | 0-0: Ball 1-0: Ball 2-0: Foul Ball, location: 2F 2-1: Foul Ball, location: 2F 2-2: Ball 3-2: Strikes out swinging | Batting: RHB Octávio Marín | 0-0: Called Strike 0-1: Ball 1-1: Ball 2-1: Ground out 5-3 (Groundball, 5L) | Batting: LHB Mike Hill | 0-0: Swinging Strike 0-1: Ground out 4-3 (Groundball, 4) | Bottom of the 11th over - 0 runs, 0 hits, 0 errors, 0 left on base; Portland 5 - St. Louis 5 | TOP OF THE 12TH |
---|
Portland Cards batting - Pitching for St. Louis Browns : RHP Martín Ortíz | Pitching: RHP Bob Cunningham | | Batting: RHB Aaron Scott | 0-0: Fly out, F7 (Flyball, 7S) | Batting: LHB Troy Donaldson | 0-0: Ball 1-0: Fly out, F9 (Flyball, 89M) | Batting: RHB Eugene Gill | 0-0: Ball 1-0: Ball 2-0: Ball 3-0: Called Strike 3-1: Foul Ball, location: 2F 3-2: Foul Ball, location: 2F 3-2: Strikes out swinging | Top of the 12th over - 0 runs, 0 hits, 0 errors, 0 left on base; Portland 5 - St. Louis 5 | BOTTOM OF THE 12TH |
---|
St. Louis Browns batting - Pitching for Portland Cards : RHP Butch Ramey | Batting: RHB José Flores | 0-0: Ball 1-0: Ball 2-0: Ball 3-0: Base on Balls | Batting: RHB Javier Martínez | 0-0: Ball 1-0: Grounds into double play, 5-4-3 (Groundball, 5) | Batting: RHB Jeff Jones | 0-0: Called Strike 0-1: Fly out, F7 (Flyball, 7S) | Bottom of the 12th over - 0 runs, 0 hits, 0 errors, 0 left on base; Portland 5 - St. Louis 5 | TOP OF THE 13TH |
---|
Portland Cards batting - Pitching for St. Louis Browns : RHP Bob Cunningham | Batting: RHB Mario Méndez | 0-0: Called Strike 0-1: Swinging Strike 0-2: Strikes out swinging | Batting: RHB Peter Hensley | 0-0: Called Strike 0-1: Fly out, F9 (Flyball, 9) | Batting: RHB Robert Bly | 0-0: Ball 1-0: Foul Ball, location: 2F 1-1: Fly out, F7 (Flyball, 7) | Top of the 13th over - 0 runs, 0 hits, 0 errors, 0 left on base; Portland 5 - St. Louis 5 | BOTTOM OF THE 13TH |
---|
St. Louis Browns batting - Pitching for Portland Cards : RHP Butch Ramey | Batting: LHB Dave Watson | 0-0: Called Strike 0-1: Called Strike 0-2: Foul Ball, location: 2F 0-2: Ball 1-2: Ground out 6-3 (Groundball, 6) | Batting: RHB António Venecia | 0-0: Ball 1-0: Foul Ball, location: 2F 1-1: Ball 2-1: Called Strike 2-2: Fly out, F5 (Popup, 5D) | Batting: RHB Manuel Alonso | 0-0: Called Strike 0-1: Ball 1-1: SINGLE (Groundball, 25) (infield hit) | Batting: RHB Anthony Rucker | 0-0: Called Strike 0-1: SINGLE (Flyball, 9S) Manuel Alonso to second Runner from 2nd tries for 3rd, SAFE, throw made to third | Batting: RHB Octávio Marín | 0-0: Foul Ball, location: 2F 0-1: Ground out 4-3 (Groundball, 4M) | Bottom of the 13th over - 0 runs, 2 hits, 0 errors, 2 left on base; Portland 5 - St. Louis 5 | TOP OF THE 14TH |
---|
Portland Cards batting - Pitching for St. Louis Browns : RHP Bob Cunningham | Pitching: RHP Hayden Collins | | Batting: RHB Jared Thompson | 0-0: Foul Ball, location: 2F 0-1: Ball 1-1: Reached on error, E3 (Groundball, 34) | Batting: RHB Dani Vázquez | 0-0: Called Strike Jared Thompson steals 2nd base 0-1: Ground out 1-3 (Groundball, 13) Jared Thompson to third | Batting: RHB António Zúńiga | 0-0: Called Strike 0-1: Ball 1-1: Called Strike 1-2: Ball 2-2: 2-RUN HOME RUN (Flyball, 78XD), Distance : 394 ft | Batting: RHB Aaron Scott | 0-0: Swinging Strike 0-1: Foul Ball, location: 2F 0-2: Ball 1-2: Strikes out swinging | Batting: LHB Troy Donaldson | 0-0: Ball 1-0: Called Strike 1-1: Ball 2-1: SINGLE (Line Drive, 6) | Batting: RHB Eugene Gill | 0-0: Called Strike 0-1: Fielders Choice at 2nd, 5-4 (Groundball, 56) | Top of the 14th over - 2 runs, 2 hits, 1 error, 1 left on base; Portland 7 - St. Louis 5 | BOTTOM OF THE 14TH |
---|
St. Louis Browns batting - Pitching for Portland Cards : RHP Butch Ramey | Batting: LHB Mike Hill | 0-0: SINGLE (Groundball, 4MD) | Batting: RHB José Flores | 0-0: Foul Ball, location: 2F 0-1: Ball 1-1: Grounds into double play, 6-4-3 (Groundball, 56) | Batting: RHB Javier Martínez | 0-0: Ball 1-0: Ball 2-0: Foul Ball, location: 2F 2-1: Foul Ball, location: 2F 2-2: Ball 3-2: Ground out 5-3 (Groundball, 56S) | Bottom of the 14th over - 0 runs, 1 hit, 0 errors, 0 left on base; Portland 7 - St. Louis 5 | | Saturday, December 16th, 2017 - OOTP Baseball 18.8 Build 76 | |